[Event "Titled Tuesday Blitz October 31 Late 2023"]
[White "leonidsh29"]
[Black "Adel, Sara"]
[BlackFideId "10616764"]
[WhiteElo "2021"]
[BlackElo "2178"]
[Result "0-1"]
[Round "9"]
[TimeControl "180+1"]
[Date "2023.10.31"]
[WhiteClock "0:00:00"]
[BlackClock "0:00:44"]
[Board "116"]

1. d4 Nf6 2. c4 g6 3. Nc3 Bg7 4. Bg5 d6 5. e3 Nc6 6. Nf3 O-O 7. Be2 e5 8. dxe5 dxe5 9. Qxd8 Rxd8 10. Nd5 Nxd5 11. Bxd8 Ndb4 12. Rd1 e4 13. Ng5 h6 14. Nxe4 Bf5 15. Nc5 Nc2+ 16. Kf1 Rxd8 17. Nxb7 Rxd1+ 18. Bxd1 Bxb2 19. Bxc2 Bxc2 20. Ke2 Nb4 21. Kd2 Be4 22. Nc5 Bxg2 23. Rb1 Ba3 24. Rb3 Nc2 25. Na6 Nxe3 26. fxe3 Bd6 27. c5 Be5 28. Nb4 Kg7 29. h4 g5 30. hxg5 h5 31. Nd3 Bg3 32. Rb1 h4 33. Nf4 Bxf4 34. exf4 h3 0-1


[Site "https://www.chess.com"]

[Event "Titled Tuesday Blitz October 31 Late 2023"]
[White "Wisniowski, Natalie"]
[Black "Ghosh, Chanchal Kumer"]
[WhiteFideId "30929261"]
[BlackFideId "10201858"]
[WhiteElo "2161"]
[BlackElo "1967"]
[Result "1-0"]
[Round "9"]
[TimeControl "180+1"]
[Date "2023.10.31"]
[WhiteClock "0:00:13"]
[BlackClock "0:00:00"]
[Board "117"]

1. e4 c5 2. d4 cxd4 3. c3 dxc3 4. Nxc3 d6 5. Nf3 a6 6. Bf4 e5 7. Bg3 Nc6 8. Bc4 Nf6 9. Ng5 d5 10. exd5 Na5 11. Be2 Bb4 12. Qa4+ Nc6 13. dxc6 Bxc3+ 14. bxc3 O-O 15. cxb7 Bxb7 16. O-O Qd2 17. Bf3 Qxg5 18. Bxb7 Rab8 19. Bxa6 h5 20. h4 Qg6 21. Be2 Rfe8 22. Rfd1 Rbc8 23. c4 Ne4 24. Qa3 f5 25. Bh2 f4 26. Bf3 Nf6 27. Bd5+ Kh8 28. Qd3 e4 29. Qd4 f3 30. Bg3 Qg4 31. Qe3 fxg2 32. Kxg2 Rcd8 33. Qf4 Qg6 34. Qg5 1-0


[Site "https://www.chess.com"]

[Event "Titled Tuesday Blitz October 31 Late 2023"]
[White "Gyulamiryan-koryun"]
[Black "Petersson, Kjell"]
[BlackFideId "1705148"]
[WhiteElo "1903"]
[BlackElo "2142"]
[Result "0-1"]
[Round "9"]
[TimeControl "180+1"]
[Date "2023.10.31"]
[WhiteClock "0:00:46"]
[BlackClock "0:01:01"]
[Board "118"]

1. e4 c5 2. Nf3 d6 3. d4 cxd4 4. Nxd4 Nf6 5. Nc3 g6 6. f3 Bg7 7. Be3 Nc6 8. Qd2 O-O 9. O-O-O d5 10. Nxc6 bxc6 11. e5 Nd7 12. f4 Qa5 13. a4 Rb8 14. b3 Qb4 15. Nb1 Qb7 16. Qa5 c5 17. Bb5 a6 18. Bxd7 Bxd7 19. Bxc5 Rfc8 20. Bxe7 Qxb3 21. Na3 Qxa3+ 22. Bxa3 Bf5 23. Rd2 Bh6 24. g3 g5 25. Rf1 Be4 26. Qxa6 Rc4 27. Qxh6 Rxa4 28. Qxg5+ Bg6 29. Bb2 Ra2 30. c3 Ra1+ 31. Bxa1 Rb1# 0-1


[Site "https://www.chess.com"]

[Event "Titled Tuesday Blitz October 31 Late 2023"]
[White "Burke, Paul"]
[Black "Jelcic, Marko"]
[WhiteFideId "2605767"]
[BlackFideId "14406489"]
[WhiteElo "1885"]
[BlackElo "2140"]
[Result "1/2-1/2"]
[Round "9"]
[TimeControl "180+1"]
[Date "2023.10.31"]
[WhiteClock "0:00:12"]
[BlackClock "0:00:28"]
[Board "119"]

1. e4 c6 2. d4 d5 3. exd5 cxd5 4. c4 dxc4 5. Bxc4 Nf6 6. Nc3 e6 7. Nf3 Nbd7 8. d5 Nb6 9. Bb5+ Bd7 10. dxe6 fxe6 11. Bxd7+ Qxd7 12. Qxd7+ Nbxd7 13. O-O Bb4 14. Nb5 O-O 15. Nc7 Rac8 16. Nxe6 Rfe8 17. Ned4 Ne5 18. Nxe5 Rxe5 19. Be3 Nd5 20. Nf3 Nxe3 21. Nxe5 Nxf1 22. Rxf1 Rc2 23. Nd3 Ba5 24. Rd1 Bb6 25. g3 g5 26. h3 h5 27. Kg2 Kg7 28. a4 a5 29. Rc1 Rd2 30. Rc3 Kf6 31. Rb3 Bd4 32. Kf3 b6 33. Ke4 Bxf2 34. Nxf2 Rxf2 35. Rxb6+ Kg7 36. Rb5 Kg6 37. Rxa5 Rxb2 38. Rb5 Ra2 39. a5 Ra3 40. Rb6+ Kg7 41. g4 Ra4+ 42. Kf5 Rxa5+ 43. Ke4 h4 44. Rb7+ Kg6 45. Rb6+ Kf7 46. Rb7+ Kf6 47. Rb6+ Ke7 48. Rg6 Kf7 49. Rb6 Ra3 50. Rb7+ Kf6 51. Rb6+ Ke7 52. Rg6 Rxh3 53. Rxg5 Kf6 54. Rg8 Rh1 55. Kf4 Rf1+ 56. Ke3 h3 57. Ke2 h2 58. Kxf1 h1=Q+ 59. Kf2 Qd5 60. Rf8+ Kg5 61. Rf5+ Qxf5+ 62. gxf5 Kxf5 1/2-1/2


[Site "https://www.chess.com"]

[Event "Titled Tuesday Blitz October 31 Late 2023"]
[White "Vargas, Mauricio"]
[Black "ChessDojo"]
[WhiteFideId "4404572"]
[WhiteElo "1849"]
[BlackElo "2118"]
[Result "0-1"]
[Round "9"]
[TimeControl "180+1"]
[Date "2023.10.31"]
[WhiteClock "0:00:02"]
[BlackClock "0:01:00"]
[Board "120"]

1. e4 Nc6 2. f4 d5 3. Nf3 dxe4 4. Ng5 Nf6 5. Nc3 Qd4 6. b3 h6 7. Nh3 Bxh3 8. gxh3 e3 9. Bb2 Qxf4 10. dxe3 Qxe3+ 11. Qe2 Qxe2+ 12. Bxe2 O-O-O 13. Bd3 Nb4 14. O-O-O e6 15. Be2 Bd6 16. a3 Bf4+ 17. Kb1 Nc6 18. Bd3 Rhe8 19. Rdf1 Bg5 20. Ne4 Nxe4 21. Bxe4 f6 22. Rhg1 Rd7 23. Rg4 f5 24. Bxc6 bxc6 25. Rb4 c5 26. Rc4 Rd5 27. a4 Bf6 28. Ba3 g5 29. Bxc5 Red8 30. Bxa7 Rd1+ 31. Rxd1 Rxd1+ 32. Ka2 Ra1# 0-1


[Site "https://www.chess.com"]

[Event "Titled Tuesday Blitz October 31 Late 2023"]
[White "Bok, Benjamin"]
[Black "Nihal Sarin"]
[WhiteFideId "1017063"]
[BlackFideId "25092340"]
[WhiteElo "2983"]
[BlackElo "3137"]
[Result "0-1"]
[Round "10"]
[TimeControl "180+1"]
[Date "2023.10.31"]
[WhiteClock "0:00:00"]
[BlackClock "0:00:30"]
[Board "1"]

1. d4 d5 2. c4 dxc4 3. Nf3 c6 4. e3 Be6 5. a4 Nf6 6. Na3 Bd5 7. Nxc4 e6 8. Bd3 Be7 9. O-O O-O 10. Qe2 c5 11. e4 Bxc4 12. Bxc4 cxd4 13. e5 Nd5 14. Nxd4 Nc6 15. Nf3 Na5 16. Bd3 Nb3 17. Rb1 Nxc1 18. Rfxc1 Nf4 19. Qe3 Nxd3 20. Rd1 Qa5 21. Qxd3 Qxa4 22. Qd7 Qxd7 23. Rxd7 Bc5 24. Rxb7 Rab8 25. Rc7 Rfc8 26. Rxc8+ Rxc8 27. Kf1 Bb6 28. Rd1 h6 29. h4 g5 30. hxg5 hxg5 31. Nxg5 Rc2 32. Ne4 Rxb2 33. g4 a5 34. Rd3 Kg7 35. Kg2 a4 36. Ra3 Rb4 37. f3 Bd4 38. Nc3 Rb3 39. Rxb3 axb3 40. Nb1 Bxe5 41. Kf2 Kf6 42. Ke3 Kg5 43. Ke4 Bc7 44. Nd2 b2 45. Nb1 Kh4 46. Ke3 Kg3 47. Ke2 Kf4 48. Nd2 Ba5 49. Nb1 Bb4 50. Kf2 e5 51. Ke2 e4 52. fxe4 Kxe4 53. g5 Kd4 54. Kd1 Kd3 55. g6 fxg6 56. Nd2 g5 57. Nb1 g4 58. Nd2 g3 0-1


[Site "https://www.chess.com"]

[Event "Titled Tuesday Blitz October 31 Late 2023"]
[White "Aravindh, Chithambaram VR."]
[Black "Pranav, V"]
[WhiteFideId "5072786"]
[BlackFideId "25060783"]
[WhiteElo "2925"]
[BlackElo "3059"]
[Result "0-1"]
[Round "10"]
[TimeControl "180+1"]
[Date "2023.10.31"]
[WhiteClock "0:00:25"]
[BlackClock "0:01:31"]
[Board "2"]

1. e4 e5 2. Nf3 Nc6 3. Nc3 Nf6 4. d4 exd4 5. Nxd4 Bb4 6. Nxc6 bxc6 7. Bd3 d6 8. O-O Ng4 9. h3 Ne5 10. f4 Nxd3 11. Qxd3 O-O 12. b3 a5 13. Bb2 Ba6 14. Qg3 Bxf1 15. Rxf1 f6 16. Ne2 Qe7 17. Qd3 Rae8 18. Ng3 d5 19. e5 fxe5 20. Bxe5 Qf7 21. Kh2 Bd6 22. Bxd6 cxd6 23. f5 Qf6 24. c4 d4 25. c5 Re3 26. Qd1 Qe5 27. Qg4 h5 28. Qh4 dxc5 29. Rf4 d3 30. Nxh5 d2 31. Qg4 Rxf5 0-1


[Site "https://www.chess.com"]

[Event "Titled Tuesday Blitz October 31 Late 2023"]
[White "Andreikin, Dmitry"]
[Black "Martinez Alcantara, Jose Eduardo"]
[WhiteFideId "4158814"]
[BlackFideId "3805662"]
[WhiteElo "3110"]
[BlackElo "3112"]
[Result "1-0"]
[Round "10"]
[TimeControl "180+1"]
[Date "2023.10.31"]
[WhiteClock "0:00:28"]
[BlackClock "0:00:00"]
[Board "3"]

1. d4 Nf6 2. c4 e6 3. Nf3 Bb4+ 4. Bd2 c5 5. Bxb4 cxb4 6. g3 b6 7. Bg2 Bb7 8. O-O a5 9. a3 Na6 10. Nbd2 d6 11. e3 O-O 12. Ne1 Bxg2 13. Kxg2 e5 14. Nd3 exd4 15. exd4 bxa3 16. Rxa3 d5 17. c5 bxc5 18. dxc5 Nb4 19. Nxb4 axb4 20. Rxa8 Qxa8 21. Nf3 Re8 22. Qb3 Re4 23. Rc1 Qc6 24. Qd3 Ng4 25. Ng5 Ne5 26. Qc2 h6 27. Nxe4 dxe4 28. Qe2 f5 29. Qe3 Kh7 30. h3 Nd3 31. Rc4 b3 32. Rc3 f4 33. gxf4 Nxb2 34. Rxb3 Qg6+ 35. Qg3 Qf6 36. Rb6 Qf5 37. Rxb2 Qxc5 38. Re2 Qf5 39. Qg4 Qd5 40. f5 e3+ 41. Qf3 Qd8 42. Rxe3 Qg5+ 43. Qg4 Qd8 44. Qg6+ Kg8 45. Re8+ Qxe8 46. Qxe8+ Kh7 47. Qg6+ Kg8 48. f6 Kf8 49. Qxg7+ 1-0


[Site "https://www.chess.com"]

[Event "Titled Tuesday Blitz October 31 Late 2023"]
[White "Daneshvar, Bardiya"]
[Black "Le, Quang Liem"]
[WhiteFideId "12576468"]
[BlackFideId "12401137"]
[WhiteElo "2969"]
[BlackElo "3040"]
[Result "0-1"]
[Round "10"]
[TimeControl "180+1"]
[Date "2023.10.31"]
[WhiteClock "0:00:00"]
[BlackClock "0:00:05"]
[Board "4"]

1. d4 Nf6 2. Nf3 d5 3. c4 e6 4. Nc3 Nbd7 5. cxd5 exd5 6. Qc2 c6 7. Bg5 Be7 8. e3 Nh5 9. Bxe7 Qxe7 10. Be2 g6 11. O-O O-O 12. Rab1 Nb6 13. Bd3 Ng7 14. b4 Bf5 15. Nd2 Rac8 16. a4 a6 17. Rfe1 Rfe8 18. h3 h5 19. Bxf5 Nxf5 20. Qd3 Rcd8 21. b5 axb5 22. axb5 c5 23. dxc5 Qxc5 24. Nb3 Qc4 25. Red1 Qh4 26. Nd4 Ng7 27. Nf3 Qe7 28. Rbc1 Nf5 29. Nd4 Nd6 30. Nce2 Ndc4 31. Nf4 Nb2 32. Qb3 Nxd1 33. Qxd1 Rc8 34. Rb1 Qf6 35. g3 Ra8 36. h4 Rec8 37. Rc1 Rxc1 38. Qxc1 Qd6 39. Qd1 Nd7 40. Nde2 Nf6 41. Qd4 Re8 42. Nc3 Qe5 43. Qd3 d4 44. exd4 Qe1+ 45. Kg2 Ng4 46. Nd1 Qe4+ 47. Qxe4 Rxe4 48. d5 Rd4 49. Nc3 Kf8 50. f3 Rd2+ 51. Kg1 Ne5 52. Ne4 Nxf3+ 53. Kf1 Rb2 54. d6 Ne5 55. Nf6 Rxb5 56. N4d5 Kg7 57. Ke2 Nd7 58. Ne8+ Kf8 59. Nec7 Rc5 60. Kd3 Rc6 61. Nb5 Rc5 62. Ndc7 Kg7 63. Kd4 Kf6 64. Nc3 Kf5 65. N3d5 Kg4 66. Nf6+ Nxf6 67. Kxc5 Kxg3 68. Kb6 Kxh4 69. Kxb7 g5 70. Nd5 Ne4 71. Kc6 Nxd6 72. Kxd6 g4 73. Ke5 Kg3 74. Nf6 h4 75. Kf5 h3 76. Nxg4 Kf3 77. Kg5 Kg3 78. Kf5 f6 79. Nxf6 h2 80. Ne4+ Kg2 0-1


[Site "https://www.chess.com"]

[Event "Titled Tuesday Blitz October 31 Late 2023"]
[White "Yoo, Christopher Woojin"]
[Black "Zhigalko, Sergei"]
[WhiteFideId "30909694"]
[BlackFideId "13502956"]
[WhiteElo "3014"]
[BlackElo "2914"]
[Result "1-0"]
[Round "10"]
[TimeControl "180+1"]
[Date "2023.10.31"]
[WhiteClock "0:02:01"]
[BlackClock "0:00:00"]
[Board "5"]

1. d4 Nf6 2. Nf3 e6 3. g3 d5 4. Bg2 Be7 5. O-O b5 6. b3 Bb7 7. c4 dxc4 8. bxc4 bxc4 9. Qa4+ Nbd7 10. Ne5 Qc8 11. Nc6 Nb6 12. Nxe7+ Nxa4 13. Nxc8 Bxg2 14. Kxg2 Rxc8 15. Ba3 c5 16. dxc5 O-O 17. Rc1 Nxc5 18. Nd2 Rfd8 19. Nxc4 Nd5 20. Ne5 Ne4 21. Nc6 Re8 22. Rc4 Nb6 23. Rc2 Rc7 24. Rac1 h6 25. f3 Nf6 26. e4 Kh7 27. Ne5 Rxc2+ 28. Rxc2 Kg8 29. Rc7 Rd8 30. Bb4 Rb8 31. Nc6 Ra8 32. Rxa7 Re8 33. Bc5 Nc4 34. a4 Kh7 35. Rc7 Ra8 36. Ba7 Ne8 37. Rxf7 Ned6 38. Rd7 Nc8 39. Bd4 N8b6 40. Rxg7+ Kh8 41. Rb7+ e5 42. Bxb6 Nd6 43. Rd7 Nb7 44. Rxb7 1-0


[Site "https://www.chess.com"]

[Event "Titled Tuesday Blitz October 31 Late 2023"]
[White "Kovalev, Vladislav"]
[Black "Elsa167"]
[WhiteFideId "13504398"]
[WhiteElo "2915"]
[BlackElo "2966"]
[Result "1-0"]
[Round "10"]
[TimeControl "180+1"]
[Date "2023.10.31"]
[WhiteClock "0:00:01"]
[BlackClock "0:00:03"]
[Board "6"]

1. e4 c6 2. Nf3 d5 3. d3 Bg4 4. Nbd2 e6 5. h3 Bh5 6. g4 Bg6 7. h4 dxe4 8. dxe4 h6 9. Qe2 Nd7 10. Bg2 Qc7 11. h5 Bh7 12. g5 Be7 13. Nc4 hxg5 14. Nxg5 Ngf6 15. h6 Bg6 16. e5 Nd5 17. hxg7 Rg8 18. Rh6 Rxg7 19. Rh8+ Nf8 20. Bd2 O-O-O 21. O-O-O Nh7 22. Rxd8+ Qxd8 23. Ne4 Bxe4 24. Bxe4 Qc7 25. f4 Nf8 26. Kb1 Nd7 27. Bc1 Rg8 28. Nd6+ Bxd6 29. exd6 Qb6 30. Qf3 f5 31. Bxd5 cxd5 32. c4 Qxd6 33. cxd5 exd5 34. Qxd5 Qxd5 35. Rxd5 Rf8 36. Be3 b6 37. Kc2 Kc7 38. Rd1 Nf6 39. Bd4 Ne4 40. Be5+ Kc6 41. Rh1 Rf7 42. Rh6+ Kb7 43. b4 Rd7 44. Rh8 a6 45. Rf8 Rd2+ 46. Kb3 Rd3+ 47. Kc4 Rd2 48. Kb3 Rd3+ 49. Kb2 Ng3 50. a4 b5 51. a5 Kc6 52. Rf6+ Kd5 53. Rxa6 Kc4 54. Rd6 Rb3+ 55. Kc2 Ra3 56. Rd4# 1-0


[Site "https://www.chess.com"]

[Event "Titled Tuesday Blitz October 31 Late 2023"]
[White "Gokerkan, Cem Kaan"]
[Black "Hong, Andrew"]
[WhiteFideId "6336760"]
[BlackFideId "2099438"]
[WhiteElo "2877"]
[BlackElo "2959"]
[Result "1-0"]
[Round "10"]
[TimeControl "180+1"]
[Date "2023.10.31"]
[WhiteClock "0:01:23"]
[BlackClock "0:00:05"]
[Board "7"]

1. e4 e5 2. Nf3 Nc6 3. Bc4 Nf6 4. d3 Bc5 5. c3 d6 6. Nbd2 O-O 7. Bb3 Bb6 8. Nf1 d5 9. Qe2 Be6 10. Ng3 Qd7 11. O-O Rfe8 12. Bg5 dxe4 13. dxe4 Bxb3 14. Bxf6 Qe6 15. Nh5 Bc4 16. Qd2 Qg4 17. Nxg7 Red8 18. Qh6 Bxf1 19. Rxf1 Rd6 20. Ng5 Rxf6 21. Qxf6 Qf4 22. Qh6 Rd8 23. Qxh7+ Kf8 24. N7e6+ fxe6 25. Nxe6+ Ke8 26. Nxf4 exf4 27. Qg6+ Ke7 28. Qg5+ Ke8 29. Qxf4 Rd7 30. h4 Rf7 31. Qg4 Ne7 32. h5 Kf8 33. g3 Rh7 34. Kg2 Rg7 35. Qf4+ Ke8 36. h6 Rh7 37. Rh1 c6 38. e5 Bc7 39. Qf6 Kd7 40. e6+ Ke8 41. g4 Bd6 42. g5 Nd5 43. Qg6+ Kd8 44. Qxh7 Nf4+ 45. Kf1 Nxe6 46. Qg8+ Kd7 47. h7 Nf4 48. h8=Q Kc7 49. Rh7+ Kb6 50. Qd4+ Ka6 51. Qxd6 Nd5 52. Qgxd5 b6 53. Qc4+ Ka5 54. Qdb4# 1-0


[Site "https://www.chess.com"]

[Event "Titled Tuesday Blitz October 31 Late 2023"]
[White "Alexandre, Anne Shopie Elizabeth"]
[Black "Ibarra Jerez, Jose Carlos"]
[WhiteFideId "11902418"]
[BlackFideId "2226332"]
[WhiteElo "2858"]
[BlackElo "2933"]
[Result "1-0"]
[Round "10"]
[TimeControl "180+1"]
[Date "2023.10.31"]
[WhiteClock "0:00:41"]
[BlackClock "0:00:06"]
[Board "8"]

1. e4 c5 2. Nf3 Nc6 3. Bb5 e6 4. O-O Nge7 5. Re1 Nd4 6. Nxd4 cxd4 7. c3 a6 8. Bf1 Nc6 9. b4 Bd6 10. a4 Qc7 11. h3 O-O 12. Na3 dxc3 13. dxc3 Bh2+ 14. Kh1 Be5 15. Qb3 d5 16. exd5 exd5 17. Bd2 Be6 18. Qb2 Rac8 19. Nc2 Rfd8 20. b5 Na5 21. bxa6 bxa6 22. Bxa6 Bxc3 23. Bxc3 Qxc3 24. Qxc3 Rxc3 25. Nd4 Nb3 26. Ra3 Rb8 27. Bb5 Nxd4 28. Rxc3 Nxb5 29. Rb3 Bd7 30. Reb1 Kf8 31. axb5 Rb6 32. Rd1 Be6 33. Ra1 Bd7 34. Rd1 Be6 35. Rb4 Ke7 36. Kg1 Kd6 37. Rc1 Bd7 38. f3 Rxb5 39. Rxb5 Bxb5 40. Kf2 d4 41. Ke1 g6 42. h4 h5 43. Kd2 Kd5 44. Rc7 Ke6 45. Rc5 Bf1 46. g3 Kd6 47. Ra5 Bc4 48. Ra7 Kc5 49. Rc7+ Kb5 50. g4 hxg4 51. fxg4 Be6 52. h5 gxh5 53. gxh5 Kb6 54. h6 Kxc7 55. h7 Kd6 56. h8=Q Kd5 57. Qf6 Ke4 58. Qg5 f5 59. Qg2+ Ke5 60. Kd3 Bd5 61. Qg7+ Kf4 62. Kxd4 Be4 63. Qe5+ Kf3 64. Qh2 Kg4 65. Ke5 Kf3 66. Qh3+ Ke2 67. Kf4 Kd2 68. Qe3+ Kc2 69. Qd4 Kb3 70. Ke3 Bc6 71. Qb6+ Bb5 72. Qxb5+ 1-0


[Site "https://www.chess.com"]

[Event "Titled Tuesday Blitz October 31 Late 2023"]
[White "Eljanov, Pavel"]
[Black "Cordova, Emilio"]
[WhiteFideId "14102951"]
[BlackFideId "3801497"]
[WhiteElo "2850"]
[BlackElo "2928"]
[Result "1-0"]
[Round "10"]
[TimeControl "180+1"]
[Date "2023.10.31"]
[WhiteClock "0:00:21"]
[BlackClock "0:00:25"]
[Board "9"]

1. d4 Nf6 2. Bf4 b6 3. e3 Bb7 4. Nf3 e6 5. Be2 Be7 6. h3 c5 7. O-O O-O 8. c3 cxd4 9. exd4 d6 10. Nbd2 Nbd7 11. Re1 Re8 12. a4 a6 13. Bh2 Nf8 14. Nc4 Nd5 15. Bf1 Rc8 16. Ne3 Nxe3 17. Rxe3 Ng6 18. Bd3 Bf8 19. Qe2 Ra8 20. h4 Qf6 21. h5 Nf4 22. Bxf4 Qxf4 23. Be4 Bxe4 24. Rxe4 Qf5 25. g4 Qd5 26. c4 Qb7 27. d5 e5 28. g5 Qd7 29. Nh4 g6 30. Ra3 Be7 31. Nf3 Rec8 32. Kg2 Qf5 33. Nd4 Qxg5+ 34. Rg3 Qf6 35. Nc6 Rxc6 36. dxc6 Qe6 37. Qd3 Rc8 38. Qd5 Kg7 39. b4 Qxd5 40. cxd5 f5 41. Re1 g5 42. f4 e4 43. fxg5 Re8 44. Rf1 Bd8 45. Rxf5 e3 46. Kf1 e2+ 47. Ke1 h6 48. c7 Bxc7 49. gxh6+ Kh8 50. Rg2 Bd8 51. Rxe2 Bh4+ 52. Kd2 Rc8 53. Re6 Bg3 54. Rf7 b5 55. Ree7 Be5 56. Rxe5 dxe5 57. axb5 axb5 58. d6 Rd8 59. d7 Kg8 60. Re7 Kf8 61. Re8+ 1-0


[Site "https://www.chess.com"]

[Event "Titled Tuesday Blitz October 31 Late 2023"]
[White "Bauman_Guy"]
[Black "Ilamparthi A R"]
[BlackFideId "45015775"]
[WhiteElo "2918"]
[BlackElo "2931"]
[Result "1/2-1/2"]
[Round "10"]
[TimeControl "180+1"]
[Date "2023.10.31"]
[WhiteClock "0:00:11"]
[BlackClock "0:00:14"]
[Board "10"]

1. e4 c5 2. Nf3 Nc6 3. d4 cxd4 4. Nxd4 e5 5. Nb5 a6 6. Nd6+ Bxd6 7. Qxd6 Qf6 8. Qxf6 Nxf6 9. Nc3 d6 10. Bd3 Be6 11. a3 b5 12. Be3 Ng4 13. Bd2 g6 14. f3 Nf6 15. O-O-O Nd7 16. Be3 Ke7 17. Rd2 Nc5 18. Be2 Rad8 19. Rhd1 Nb7 20. a4 bxa4 21. Bxa6 Nba5 22. Bb5 a3 23. bxa3 Nc4 24. Bxc4 Bxc4 25. Bg5+ f6 26. Bxf6+ Kxf6 27. Rxd6+ Rxd6 28. Rxd6+ Kg5 29. Rxc6 Bf1 30. g3 Bg2 31. Kd2 Bxf3 32. Ke3 Rf8 33. Rc5 Kg4 34. Rxe5 Kh3 35. Re7 h5 36. Rg7 Kxh2 37. Rxg6 Bg4 38. Nd5 Rf3+ 39. Kd4 Kxg3 40. Nf6 Kf4 41. e5 Rxa3 42. Nxg4 hxg4 43. e6 Kf5 44. e7 Ra8 45. Rg7 Kf6 46. Rxg4 Kxe7 47. c4 Ra5 48. Re4+ Kd6 49. Re8 Rh5 50. Rd8+ Kc6 51. Rg8 Rh4+ 52. Kc3 Kc5 53. Rg5+ Kc6 54. Kb4 Rh1 55. Rg6+ Kc7 56. Kb5 Rh5+ 57. c5 Rh7 58. Ra6 Kb7 59. c6+ Kb8 60. Kb6 Rb7+ 61. Kc5 Rh7 62. Ra4 Rg7 63. Rb4+ Kc8 64. Kb6 Rg1 65. Rb5 Rf1 66. Ra5 Rb1+ 67. Rb5 Rxb5+ 68. Kxb5 Kc7 69. Kc5 Kc8 70. Kb6 Kb8 71. c7+ Kc8 72. Kc6 1/2-1/2


[Site "https://www.chess.com"]

[Event "Titled Tuesday Blitz October 31 Late 2023"]
[White "Sokolovsky, Yahli"]
[Black "Szpar, Milosz"]
[WhiteFideId "2820242"]
[BlackFideId "1184989"]
[WhiteElo "2805"]
[BlackElo "2794"]
[Result "0-1"]
[Round "10"]
[TimeControl "180+1"]
[Date "2023.10.31"]
[WhiteClock "0:00:43"]
[BlackClock "0:00:33"]
[Board "11"]

1. b3 d5 2. Bb2 Bg4 3. h3 Bh5 4. Nf3 Bxf3 5. exf3 e6 6. g3 Nf6 7. Bg2 g6 8. c4 c6 9. O-O Bg7 10. f4 O-O 11. d3 a5 12. Nd2 Nbd7 13. Nf3 Re8 14. Ne5 Qc7 15. Re1 a4 16. Rc1 axb3 17. axb3 Nxe5 18. fxe5 Nd7 19. cxd5 exd5 20. d4 Qb6 21. Qc2 Nf8 22. Ra1 Ne6 23. Red1 Rxa1 24. Bxa1 Ra8 25. Bc3 Ra3 26. b4 Bf8 27. Qb2 Ra4 28. b5 h5 29. h4 Be7 30. bxc6 Qxb2 31. Bxb2 bxc6 32. Bh3 Ra2 33. Bc1 Ra1 34. Bxe6 fxe6 35. Kf1 Ba3 36. Bxa3 Rxd1+ 37. Ke2 Rxd4 38. f3 Ra4 39. Bd6 Kf7 40. Ke3 Rc4 41. Kd3 Ke8 42. Ke3 Kd7 43. Kd3 c5 44. Bf8 Kc6 45. Bd6 Ra4 46. Kc2 Ra3 47. g4 Rxf3 48. gxh5 gxh5 49. Be7 Re3 50. Bf6 Re4 51. Kd3 c4+ 52. Kc3 Kb5 53. Kd2 d4 0-1


[Site "https://www.chess.com"]

[Event "Titled Tuesday Blitz October 31 Late 2023"]
[White "Javakhadze, Zurab"]
[Black "Maximov, Dmitry"]
[WhiteFideId "13603647"]
[BlackFideId "14105659"]
[WhiteElo "2791"]
[BlackElo "2746"]
[Result "1-0"]
[Round "10"]
[TimeControl "180+1"]
[Date "2023.10.31"]
[WhiteClock "0:00:12"]
[BlackClock "0:00:08"]
[Board "12"]

1. Nf3 Nf6 2. g3 c5 3. Bg2 g6 4. O-O Bg7 5. c4 O-O 6. Nc3 Nc6 7. d3 d6 8. Bd2 Qd7 9. a3 b6 10. Rb1 Bb7 11. b4 Rae8 12. e4 e6 13. h3 h6 14. Be3 Kh7 15. Qd2 Ng8 16. Nb5 a6 17. Nc3 Nd4 18. bxc5 bxc5 19. Ne2 Nxf3+ 20. Bxf3 Bc6 21. Bg2 Qc7 22. f4 f5 23. Bf2 Rd8 24. exf5 gxf5 25. Bxc6 Qxc6 26. d4 Nf6 27. Nc3 cxd4 28. Bxd4 Qxc4 29. Rb7 e5 30. Be3 Ne4 31. Nxe4 Qxe4 32. Rfb1 Rf6 33. Kf2 Rg6 34. fxe5 Qxe5 35. Bf4 Qc5+ 36. Kg2 Qxa3 37. Re1 Rc8 38. Ree7 Rc3 39. Qf2 Qc5 40. Qxc5 Rxc5 41. Bxd6 Rc2+ 42. Kf3 Rc3+ 43. Ke2 Rc4 44. Be5 Re4+ 45. Kf3 Rxe5 46. Rxe5 Rg5 47. h4 Rg6 48. Rxf5 Kg8 49. Ra7 Bd4 50. Rd7 Bb6 51. Rfd5 Rf6+ 52. Kg4 Rg6+ 53. Kh3 Bf2 54. g4 Rf6 55. Rd8+ Kg7 56. R5d7+ Rf7 57. Rxf7+ Kxf7 58. Ra8 Be3 59. Rxa6 Kg7 60. h5 Bg5 61. Rg6+ Kh7 62. Rxg5 hxg5 63. Kg3 Kg7 64. Kf3 Kf6 65. Ke4 Ke6 66. Kd4 Kf6 67. Kd5 Kf7 68. Ke5 Kg7 69. Kf5 Kh6 70. Kf6 Kh7 71. Kxg5 Kg7 72. Kf5 Kh6 73. g5+ Kxh5 74. g6 Kh6 75. Kf6 Kh5 76. g7 1-0


[Site "https://www.chess.com"]

[Event "Titled Tuesday Blitz October 31 Late 2023"]
[White "Sivakumar, Shaaketh"]
[Black "Schnaider, Ilan"]
[WhiteFideId "30940176"]
[BlackFideId "169013"]
[WhiteElo "2638"]
[BlackElo "2751"]
[Result "0-1"]
[Round "10"]
[TimeControl "180+1"]
[Date "2023.10.31"]
[WhiteClock "0:01:51"]
[BlackClock "0:01:24"]
[Board "13"]

1. e4 c5 2. Nf3 d6 3. d4 cxd4 4. Qxd4 Nc6 5. Bb5 a6 6. Bxc6+ bxc6 7. c4 e5 8. Qe3 Ne7 9. Nc3 Ng6 10. Qe2 Be6 11. h3 Be7 12. O-O O-O 13. Rd1 Qc7 14. Be3 h6 15. Rac1 Rab8 16. Nd5 Qb7 17. Nxe7+ Qxe7 18. b3 f5 19. exf5 Bxf5 20. Qd2 Rbd8 21. Qa5 Bxh3 22. Qxa6 Bg4 23. Qxc6 Bxf3 24. gxf3 Nh4 25. f4 exf4 26. Bd4 f3 27. Kf1 Qe2+ 28. Kg1 Rf5 29. Qc7 Rg5+ 30. Kh1 Qe6 31. Qxd8+ Kh7 0-1


[Site "https://www.chess.com"]

[Event "Titled Tuesday Blitz October 31 Late 2023"]
[White "Chigaev, Maksim"]
[Black "Bjelobrk, Igor"]
[WhiteFideId "4108116"]
[BlackFideId "4300726"]
[WhiteElo "2931"]
[BlackElo "2645"]
[Result "1-0"]
[Round "10"]
[TimeControl "180+1"]
[Date "2023.10.31"]
[WhiteClock "0:01:09"]
[BlackClock "0:00:41"]
[Board "14"]

1. e4 e6 2. d4 d5 3. exd5 exd5 4. Bf4 Bd6 5. Qd2 Nf6 6. Nc3 Bxf4 7. Qxf4 O-O 8. O-O-O c6 9. f3 Be6 10. g4 Nbd7 11. h4 Qb8 12. Nh3 Re8 13. Bd3 Qxf4+ 14. Nxf4 Nb6 15. g5 Nfd7 16. a4 a5 17. b3 Nc8 18. Nfe2 Nd6 19. Ng3 Re7 20. Nce2 Rae8 21. Nf4 Nf8 22. Kd2 Bc8 23. Rhg1 Ne6 24. Nxe6 Bxe6 25. Rde1 Bc8 26. Rxe7 Rxe7 27. c4 g6 28. cxd5 cxd5 29. Rc1 Be6 30. Rc5 b6 31. Rc6 Nc8 32. h5 Ra7 33. h6 Kf8 34. f4 Ke7 35. f5 Bd7 36. fxg6 fxg6 37. Rxg6 1-0


[Site "https://www.chess.com"]

[Event "Titled Tuesday Blitz October 31 Late 2023"]
[White "Grigoriants, Sergey"]
[Black "Haydon, David L"]
[WhiteFideId "4130804"]
[BlackFideId "415405"]
[WhiteElo "2894"]
[BlackElo "2636"]
[Result "1-0"]
[Round "10"]
[TimeControl "180+1"]
[Date "2023.10.31"]
[WhiteClock "0:01:19"]
[BlackClock "0:00:46"]
[Board "15"]

1. d4 Nf6 2. c4 e6 3. Nc3 d5 4. Bg5 Be7 5. e3 a6 6. Rc1 c6 7. a3 Nbd7 8. Nf3 O-O 9. Qc2 b5 10. c5 a5 11. b4 Qc7 12. Bf4 Qa7 13. Bd3 g6 14. h3 Re8 15. O-O Nh5 16. Bh2 f5 17. Bxb5 cxb5 18. Nxb5 Qb7 19. Nc7 Nhf6 20. c6 Qa7 21. cxd7 Bxd7 22. Nxe8 Nxe8 23. Ne5 Bb5 24. Nc6 Qd7 25. Nxe7+ Qxe7 26. Qc5 Qxc5 27. bxc5 Bxf1 28. Kxf1 Kf7 29. Rb1 Ra7 30. f3 Ke7 31. Rb6 Rd7 32. Be5 Rd8 33. Kf2 Kd7 34. c6+ Ke7 35. Rb7+ Kf8 36. Rxh7 Rc8 37. c7 Nf6 38. Bxf6 1-0


[Site "https://www.chess.com"]

[Event "Titled Tuesday Blitz October 31 Late 2023"]
[White "Kazakouski, Valery"]
[Black "Ibadov, Dashgyn"]
[WhiteFideId "13507443"]
[BlackFideId "24107514"]
[WhiteElo "2885"]
[BlackElo "2618"]
[Result "0-1"]
[Round "10"]
[TimeControl "180+1"]
[Date "2023.10.31"]
[WhiteClock "0:00:06"]
[BlackClock "0:00:21"]
[Board "16"]

1. Nf3 d5 2. c4 d4 3. b4 Bg4 4. g3 Bxf3 5. exf3 a5 6. b5 e5 7. Bg2 Nd7 8. O-O Ngf6 9. d3 Bd6 10. f4 exf4 11. Re1+ Kf8 12. Bxb7 Rb8 13. Bg2 h5 14. Bxf4 Bxf4 15. gxf4 h4 16. Qf3 Nc5 17. Nd2 g6 18. Re5 Qd6 19. Rae1 Kg7 20. Qc6 Nxd3 21. c5 Qxc6 22. Bxc6 Nxf4 23. Re7 Nd3 24. Rb1 Rh5 25. Nf3 Rxc5 26. Rd1 Nf4 27. Nxd4 Rd8 28. f3 Rd6 29. Kf2 Rc3 30. Rxc7 Nd3+ 31. Rxd3 Rxd3 32. Ne2 Rd2 33. a4 Re6 0-1


[Site "https://www.chess.com"]